 Dungeon Crawl Stone Soup version 0.26-a0-812-g31a745ddcd (webtiles) character file.

Game seed: 15240781481478162688

21 funkygono the Sneak (level 2, -6/15 HPs)
             Began as a Vampire Enchanter on Nov 22, 2020.
             Mangled by a worm (11 damage)
             ... on level 2 of the Dungeon.
             The game lasted 00:02:13 (1553 turns).

funkygono the Sneak (Vampire Enchanter)             Turns: 1553, Time: 00:02:13

Health: -6/15      AC:  2    Str:  7    XL:     2   Next: 65%
Magic:  3/5        EV: 13    Int: 23    God:
Gold:   33         SH:  5    Dex: 14    Spells: 4/5 levels left

rFire    . . .     SeeInvis +   a - +1 dagger
rCold    + + .     Faith    .   (no shield)
rNeg     + + +     Spirit   .   b - +0 robe
rPois    ∞         Reflect  +   (no helmet)
rElec    .         Harm     .   (no cloak)
rCorr    .         Rampage  .   (no gloves)
MR       .....                  (no boots)
Stlth    +++++.....             d - amulet of reflection
HPRegen  0.00/turn              h - +6 ring of intelligence
MPRegen  0.09/turn              (no ring)

@: bloodless
A: fangs 3, see invisible, unbreathing
a: Revivify


You were on level 2 of the Dungeon.
You visited 1 branch of the dungeon, and saw 2 of its levels.

You collected 33 gold pieces.

Inventory:

Hand Weapons
 a - a +1 dagger (weapon)
Armour
 b - a +0 robe (worn)
Jewellery
 d - an amulet of reflection (around neck)
 h - a +6 ring of intelligence (left hand)
Scrolls
 c - a scroll of teleportation
Potions
 e - a potion of ambrosia


   Skills:
 + Level 1.3 Short Blades
 + Level 2.3 Dodging
 + Level 5.1 Stealth
 + Level 2.2 Spellcasting
 + Level 4.7 Hexes


You had 4 spell levels left.
You knew the following spells:

 Your Spells              Type           Power        Failure   Level
a - Corona                Hex            ###....      1%          1

Your spell library contained the following spells:

 Spells                   Type           Power        Failure   Level
 Confusing Touch          Hex            ###.....     5%          3
 Tukima's Dance           Hex            ###.....     5%          3
 Ensorcelled Hibernation  Hex/Ice        ##....       7%          2
 Dazzling Flash           Conj/Hex       ##....       14%         3


Dungeon Overview and Level Annotations

Branches:
Dungeon (2/15)

Altars:


Innate Abilities, Weirdness & Mutations

You do not regenerate when monsters are visible.
You are frail without blood (-20% HP).
You can heal yourself when you bite living creatures.
You are immune to poison.
You have razor-sharp teeth.
You have supernaturally acute eyesight. (SInv)
You can survive without breathing.


Message History

Press: ? - help, Shift-Dir - straight line, f/p - bat
Aim: a bat (severely wounded, chance to defeat MR: 79%)
The bat is outlined in light.
The bat hits you.
You completely miss the bat. You bite the bat, but do no damage.
The bat is moderately wounded.
You block the bat's attack. The bat barely misses you.
You hit the bat.
You kill the bat!
Casting: Corona (safe; 1% risk of failure)
Confirm with . or Enter, or press ? or * to list all spells.
Aiming: Corona (safe; 1% risk of failure)
Press: ? - help, Shift-Dir - straight line, f - worm
Aim: a worm (chance to defeat MR: 72%)
The worm is outlined in light.
The worm bites you!
Ouch! That really hurt!
You hit the worm but do no damage. You hit the worm but do no damage.
The worm bites you!
Ouch! That really hurt!
You die...

##########
#........#
#...<.[..###
#..........
#........###
#..$.w<#
#..#####
#..w...#
#..@##
#...<#
#...†#
#....#
#....#
.g.>..#
..#....#
#...#....#
#.. #....#


You could see a worm (corona) and a hobgoblin (asleep).

Vanquished Creatures
  A dart slug (D:1)
  2 leopard geckos (D:1)
  3 giant cockroaches (D:1)
  A goblin (D:1)
  2 hobgoblins
  2 bats
  A kobold (D:1)
  6 rats
18 creatures vanquished.

Notes
Turn   | Place    | Note
-------+----------+-------------------------------------------
     0 | D:1      | funkygono the Vampire Enchanter began the quest for the
                  | Orb.
     0 | D:1      | Reached XP level 1. HP: 13/13 MP: 3/3
   299 | D:1      | Reached XP level 2. HP: 15/15 MP: 5/5
   789 | D:1      | Reached skill level 5 in Stealth
  1553 | D:2      | Mangled by a worm

Illustrated notes

Levels and vault maps discovered:
D:1:      onia_arrival_pentagram, layout_basic, minmay_misc_feat_diagonals,
          palyth_stone_intersect, minivault_5, minmay_misc_feat_tower
D:2:      layout_basic, kennysheep_generic_room_13

Skill      XL: |  1  2 |
---------------+-------+-----
Stealth        | 5 |  5.1
Short Blades   | |  1.3
Dodging        | |  2.3
Spellcasting   | |  2.2
Hexes          | |  4.7

Action                   || total
-------------------------++-------
Melee: Dagger            ||    70
       Bite              ||     7
 Cast: Corona            ||     9
 Abil: Exsanguinate      ||     1
  Use: Scroll            ||     4
 Stab: Sleeping          ||     7
Armor: Robe              ||    10
Dodge: Dodged            ||    32
Block: Other             ||    10

Table legend: (Time is in decaauts)
 A = Elapsed time spent in this place.
 B = Non-inter-level travel time spent in this place.
 C = Inter-level travel time spent in this place.
 D = Time resting spent in this place.
 E = Time spent auto-exploring this place.
 F = Levels seen in this place.
 G = Mean time per level.
                   A        B        C        D        E       F      G
               +--------+--------+--------+--------+--------+-----+--------+
         Total |   1549 |   1520 |     29 |    272 |   1026 |   2 |  774.5 |
       Dungeon |   1549 |   1520 |     29 |    272 |   1026 |   2 |  774.5 |
               +--------+--------+--------+--------+--------+-----+--------+

Top non-repeatable levels by time:
     D:1: 1502 daAuts
     D:2: 46 daAuts
